 Dungeon Crawl Stone Soup version 0.31-a0-331-geda263fcf1 (webtiles) character file.

Game seed: 13777507526007984901

15673 Newt the Carver (level 12, 0/92 HPs)
             Began as a Barachi Fighter on July 19, 2023.
             Was a Priest of Zin.
             Slain by a five-headed hydra (13 damage)
             ... on level 2 of the Lair of Beasts.
             The game lasted 00:20:48 (16692 turns).

Newt the Carver (Barachi Fighter)                  Turns: 16692, Time: 00:20:49

Health: 0/92       AC: 17    Str: 22    XL:     12   Next: 29%
Magic:  19/19      EV: 10    Int: 11    God:    Zin [***...]
Gold:   503        SH:  7    Dex: 12    Spells: 18/20 levels left

rFire   . . .        C - +5 dagger of Xazu Wyps {spect, Int+2}
rCold   . . .        c - +1 buckler
rNeg    + + .        G - +0 ring mail "Oqafei" {rElec rN++}
rPois   .            (no helmet)
rElec   +            t - +0 cloak
rCorr   .            z - +2 pair of gloves
SInv    .            B - +0 pair of boots
Will    .....        (no amulet)
Stlth   +            i - ring of wizardry
HPRegen 0.35/turn    D - +4 ring of protection
MPRegen 0.16/turn

%: wizardry (x1)
@: lethally poisoned (0 -> -5), slow
A: amphibious, slowness 1, strong legs 1, +LOS
a: Hop, Renounce Religion, Recite, Vitalisation, Imprison, Donate Gold


You were on level 2 of the Lair of Beasts.
You worshipped Zin.
Zin was most pleased with you.
You visited 3 branches of the dungeon, and saw 13 of its levels.

You collected 783 gold pieces.
You spent 225 gold pieces at shops.
You donated 55 gold pieces to Zin.

Inventory:

Hand Weapons
 a - a +0 long sword
 l - a +1 rapier of protection
 y - the +7 trident of Broken Luck {drain, rPois rF+++ Will- SInv}
   (You found it on level 6 of the Dungeon)

   rF:        It renders you almost immune to fire.
   rPois:     It protects you from poison.
   SInv:      It lets you see invisible.
   Will:      It decreases your willpower.
   Zin disapproves of the use of such an item.
 C - the +5 dagger of Xazu Wyps (weapon) {spect, Int+2}
   (You found it on level 8 of the Dungeon)

   Int:       It affects your intelligence (+2).
Missiles
 m - 6 silver javelins
 s - 21 poisoned darts
Armour
 b - a +0 scale mail
 c - a +1 buckler (worn)
 j - a +0 pair of gloves
 t - a +0 cloak (worn)
 z - a +2 pair of gloves (worn)
 B - a +0 pair of boots (worn)
 G - the +0 ring mail "Oqafei" (worn) {rElec rN++}
   (You bought it in a shop on level 8 of the Dungeon)

   rElec:     It insulates you from electricity.
   rN:        It greatly protects you from negative energy.
Jewellery
 i - a ring of wizardry (left hand)
 D - a +4 ring of protection (right hand)
Wands
 e - a wand of polymorph (12)
 u - a wand of paralysis (1)
 E - a wand of iceblast (9)
 I - a wand of acid (2)
Scrolls
 g - 8 scrolls of teleportation
 o - 4 scrolls of fog
 A - 2 scrolls of enchant armour
 F - a scroll of identify
 H - a scroll of summoning
 J - a scroll of silence
Potions
 d - a potion of might
 f - 3 potions of brilliance
 h - a potion of berserk rage
 k - 3 potions of enlightenment
 n - 2 potions of haste
 p - a potion of resistance
 q - 6 potions of curing
 r - 2 potions of attraction
 v - 4 potions of mutation
 w - 2 potions of invisibility
 x - 3 potions of degeneration


   Skills:
 - Level 8.0 Fighting
 - Level 8.8(11.1) Short Blades
 + Level 11.6(13.0) Long Blades
 - Level 4.2 Polearms
 - Level 10.0 Armour
 - Level 8.0 Shields
 - Level 4.7 Spellcasting
 - Level 5.2 Transmutations
 - Level 6.0 Evocations


You had 18 spell levels left.
You knew the following spells:

 Your Spells              Type           Power      Damage    Failure   Level
a - Wereblood             Tmut           14%        N/A       2%          2

Your spell library contained the following spells:

 Spells                   Type           Power      Damage    Failure   Level
 Shock                    Conj/Air       8%         1d3       16%         1
 Sublimation of Blood     Necr           2%         N/A       22%         2
 Swiftness                Air            2%         N/A       41%         3
 Airstrike                Air            1%         2d(1-17)  80%         4
 Summon Hydra             Summ           1%         N/A       100%        7


Dungeon Overview and Level Annotations

Branches:
Dungeon (10/15)            Temple (1/1) D:7            Lair (2/5) D:8
  Swamp (0/4) Lair:2       Spider (0/4) Lair:2          Orc (0/2) D:9

Altars:
Ashenzari
Cheibriados
Dithmenos
Elyvilon
Fedhas
Gozag
Hepliaklqana
Kikubaaqudgha
Makhleb
Nemelex Xobeh
Okawaru
Qazlal
Ru
Sif Muna
Trog
Uskayaw
Vehumet
Wu Jian
Xom
Yredelemnul
Zin
The Shining One

Shops:
D:5 *   D:8 [

Annotations:
D:4 3 runed translucent doors, hotbaconsauce's ghost, novice MiFi


Innate Abilities, Weirdness & Mutations

You are amphibious.
You cover ground slowly.
You can hop short distances.
You have an extended range of vision and can be seen from far away.


Message History

You hit the five-headed hydra.
The five-headed hydra is heavily wounded.
Your +5 dagger of Xazu Wyps {spect, Int+2} hits the five-headed hydra.
The water moccasin bites you.
You hit the five-headed hydra but do no damage.
The five-headed hydra is severely wounded.
Your +5 dagger of Xazu Wyps {spect, Int+2} hits the five-headed hydra.
The five-headed hydra bites your +5 dagger of Xazu Wyps {spect, Int+2}!
Your spectral weapon shares its damage with you!
The five-headed hydra bites your +5 dagger of Xazu Wyps {spect, Int+2}!
Your spectral weapon shares its damage with you!
* * * LOW HITPOINT WARNING * * *
The five-headed hydra completely misses your +5 dagger of Xazu Wyps {spect, Int+2}.
The five-headed hydra bites your +5 dagger of Xazu Wyps {spect, Int+2} but does no damage.
The five-headed hydra bites your +5 dagger of Xazu Wyps {spect, Int+2}.
Your spectral weapon shares its damage with you!
* * * LOW HITPOINT WARNING * * *
The water moccasin bites you.
* * * LOW HITPOINT WARNING * * *
You are poisoned.
The water moccasin poisons you!
Unknown command.
You puncture the five-headed hydra!
The five-headed hydra is severely wounded.
Your +5 dagger of Xazu Wyps {spect, Int+2} hits the five-headed hydra.
You feel sick.
Unknown command.
Unknown command.
Unknown command.
You hit the five-headed hydra.
The five-headed hydra is almost dead.
Your +5 dagger of Xazu Wyps {spect, Int+2} hits the five-headed hydra but does no damage.
You feel sick. You block the water moccasin's attack.
You block the five-headed hydra's attack.
The five-headed hydra bites you.
* * * LOW HITPOINT WARNING * * *
The five-headed hydra barely misses you.
The five-headed hydra bites you but does no damage.
The five-headed hydra bites you!
You die...

#.....## ....P
#.......#####....#
#...............#
#...............#
#...............#
##............$..##
#.................#
#P..........(....#
##.........@D....#
#...........S.......
##................#.
#$...............## #
#####.††..............
###.##................##.
##.#.#^..†............#
......................#
.......................


You could see a five-headed hydra (corroded, ally target), a water moccasin and
a friendly +5 dagger of Xazu Wyps {spect, Int+2}.

Vanquished Creatures
  A hydra (Lair:2)
  Erica (D:10)
  A centaur warrior (D:10)
  A skyshark (Lair:2)
  Pikel (D:4)
  A black mamba (Lair:2)
  2 cane toads
  6 komodo dragons (Lair:1)
  A rime drake (Lair:1)
  A hornet (D:10)
  5 blink frogs (Lair:1)
  Sigmund (D:2)
  A shadow (D:9)
  18 yaks
  A wraith (D:9)
  5 basilisks
  A steam dragon (D:9)
  10 vampire mosquitoes
  6 water moccasins
  2 sky beasts (D:8)
  3 black bears
  An orc warrior (D:7)
  2 ice beasts
  3 centaurs
  3 lemures
  A phantom (D:5)
  4 bullfrogs
  4 scorpions
  7 wights
  9 killer bees
  An electric eel (D:10)
  4 howler monkeys
  2 vampire bats (D:3)
  An orc priest (D:5)
  A gnoll bouda (D:9)
  5 hounds
  A jelly (D:4)
  2 sleepcaps
  Terence (D:2)
  2 iguanas
  8 orc wizards
  Natasha (D:2)
  13 gnolls
  14 adders
  A shadow imp (D:7)
  3 ufetubi
  3 worms
  2 dart slugs (D:3)
  24 orcs
  10 endoplasms
  3 giant cockroaches
  4 hobgoblins
  4 jackals (D:2)
  9 quokkas
  5 ball pythons
  6 bats
  5 frilled lizards
  11 goblins
  6 kobolds
  9 rats
264 creatures vanquished.

Vanquished Creatures (others)
  An orc (D:8)
  3 spectral weapons
4 creatures vanquished.

Grand Total: 268 creatures vanquished

Notes
Turn   | Place    | Note
-------+----------+-------------------------------------------
     0 | D:1      | Newt the Barachi Fighter began the quest for the Orb.
     0 | D:1      | Reached XP level 1. HP: 18/18 MP: 1/1
   181 | D:1      | Reached XP level 2. HP: 25/25 MP: 2/2
   205 | D:1      | Found a faded altar of an unknown god.
  1075 | D:2      | Reached skill level 5 in Fighting
  1075 | D:2      | Reached XP level 3. HP: 33/33 MP: 3/3
  1086 | D:2      | Noticed Terence
  1098 | D:2      | Killed Terence
  1134 | D:2      | Reached XP level 4. HP: 37/39 MP: 4/4
  1214 | D:2      | Reached skill level 5 in Armour
  1672 | D:2      | Noticed Sigmund
  1690 | D:2      | Killed Sigmund
  1691 | D:2      | Reached skill level 4 in Long Blades
  1691 | D:2      | Reached XP level 5. HP: 38/44 MP: 5/5
  1691 | D:2      | Reached XP level 6. HP: 44/51 MP: 6/6
  1794 | D:2      | Noticed Natasha
  1801 | D:2      | Killed Natasha
  1802 | D:2      | Reached skill level 5 in Long Blades
  2169 | D:3      | Found a broken altar of Ashenzari.
  2259 | D:3      | Reached skill level 6 in Long Blades
  2663 | D:4      | Reached XP level 7. HP: 27/56 MP: 7/7
  2823 | D:4      | Found a runed translucent gate.
  2823 | D:4      | Found a runed translucent gate.
  2823 | D:4      | Noticed hotbaconsauce's ghost (novice MiFi)
  2824 | D:4      | Found a runed translucent gate.
  3019 | D:4      | Reached skill level 5 in Shields
  3894 | D:5      | Entered Level 5 of the Dungeon
  3985 | D:5      | Reached XP level 8. HP: 21/62 MP: 8/8
  4614 | D:5      | Found Luivisau's General Store.
  4703 | D:6      | HP: 2/62 [black bear (4)]
  4948 | D:5      | Noticed Pikel
  5840 | D:4      | Killed Pikel
  5841 | D:4      | Reached skill level 7 in Long Blades
  5841 | D:4      | Reached XP level 9. HP: 65/74 MP: 9/9
  6556 | D:6      | Identified the +7 trident of Broken Luck {drain, rPois
                  | rF+++ Will- SInv}
  6942 | D:6      | Reached skill level 1 in Polearms
  7716 | D:7      | You fall into a shaft and drop 1 floor!
  7716 | D:8      | Found a staircase to the Lair.
  7957 | D:8      | Identified the +5 dagger of Xazu Wyps {spect, Int+2}
  8066 | D:8      | Reached skill level 1 in Short Blades
  8490 | D:8      | Learned a level 2 spell: Wereblood
  8792 | D:8      | Reached skill level 5 in Short Blades
  8926 | D:8      | Found Rytottoel's Antique Armour Boutique.
  8938 | D:8      | Bought a translucent ring mail for 225 gold pieces
  8938 | D:8      | Identified the +0 ring mail "Oqafei" {rElec rN++} (You
                  | bought it in a shop on level 8 of the Dungeon)
  9235 | D:9      | Found an iron altar of Okawaru.
  9356 | D:9      | Reached XP level 10. HP: 35/80 MP: 10/10
 10479 | D:9      | Found a staircase to the Orcish Mines.
 10723 | D:10     | Entered Level 10 of the Dungeon
 10723 | D:10     | Noticed a centaur warrior
 10733 | D:10     | Killed a centaur warrior
 10740 | D:10     | Paralysed by a hornet for 3 turns
 11200 | D:7      | Found a staircase to the Ecumenical Temple.
 11481 | Temple   | Entered the Ecumenical Temple
 11512 | Temple   | Became a worshipper of Zin the Law-Giver
 11512 | Temple   | Reached * piety under Zin
 11612 | D:10     | Noticed Erica
 11627 | D:10     | Killed Erica
 12110 | D:10     | Reached ** piety under Zin
 12118 | D:10     | Reached skill level 5 in Transmutations
 12124 | D:10     | Reached XP level 11. HP: 76/86 MP: 16/18
 12180 | D:10     | Reached skill level 1 in Evocations
 12740 | Lair:1   | Entered Level 1 of the Lair of Beasts
 13158 | Lair:1   | Reached skill level 5 in Evocations
 15233 | Lair:1   | Zin protects you from harm!
 15242 | Lair:1   | Reached skill level 10 in Armour
 15242 | Lair:1   | Reached skill level 8 in Long Blades
 15703 | Lair:1   | Reached skill level 9 in Long Blades
 16179 | Lair:2   | Reached XP level 12. HP: 92/92 MP: 19/19
 16210 | Lair:2   | Reached *** piety under Zin
 16226 | Lair:2   | Found a hole to the Spider Nest.
 16238 | Lair:2   | Noticed an eight-headed hydra
 16251 | Lair:2   | Killed an eight-headed hydra
 16252 | Lair:2   | Reached skill level 10 in Long Blades
 16445 | Lair:2   | Found a staircase to the Swamp.
 16484 | Lair:2   | Reached skill level 11 in Long Blades
 16596 | Lair:2   | Noticed a skyshark
 16613 | Lair:2   | Killed a skyshark
 16684 | Lair:2   | Noticed a five-headed hydra
 16692 | Lair:2   | Slain by a five-headed hydra

Illustrated notes

Levels and vault maps discovered:
D:1:      amcnicky_arrival_single_pillar, layout_loops_corners,
          hellmonk_ecumenical_altar_leap_of_faith
D:2:      layout_loops_ring, uniq_natasha, uniq_sigmund, uniq_terence
D:3:      layout_rooms, ashenzari_altar_1, roderic_batcave, nicolae_wormholes
D:4:      layout_basic, ebering_ghost_rock_garden, minmay_bent
D:5:      layout_rooms, serial_shops, nicolae_shop_crystal, uniq_pikel
D:6:      layout_layer_cave, roderic_serpentine_path, minmay_crystal_room
D:7:      layout_loops_corners, minmay_temple_entry_statues_fountains
D:8:      layout_cave_pods, lair_entry_dummy, serial_shops, shop
D:9:      layout_long_grid, kennysheep_okawaru_gauntlet, orc_0_dummy
D:10:     layout_big_octagon, corexii_checkpoint_a, hellmonk_bongcloud_opening,
          serial_park_tiny_pond, uniq_erica
Temple:   mainiacjoe_temple_big_plus
Lair:1:   layout_roguey, grunt_megastairs_4, serial_bayou_shore_b
Lair:2:   layout_long_grid, minmay_swamp_entry_swarm,
          nicolae_spider_entry_orb_guardian, enter_volcano_2, st_stairs_8

Skill      XL: |  1  2  3  4  5  6  7  8  9 10 11 12 |
---------------+-------------------------------------+-----
Fighting       | 4 5 8 |  8.0
Armour         | 4 6 10 | 10.0
Long Blades    | 4 6 7 9 11 | 11.6
Shields        | 4 7 8 |  8.0
Polearms       | 4 |  4.2
Short Blades   | 6 8 |  8.8
Spellcasting   | 4 |  4.7
Transmutations | 5 |  5.2
Evocations     | 6 |  6.0

Action                     |  1- 3 |  4- 6 |  7- 9 | 10-12 || total
---------------------------+-------+-------+-------+-------++-------
  Melee: Long sword        |    61 |       |    45 |       ||   106
         Rapier            |    13 |   246 |   553 |       ||   812
         Unarmed           |     9 |       |       |       ||     9
         Dagger            |       |       |   108 |   613 ||   721
         Trident           |       |       |    69 |       ||    69
  Throw: Dart              |       |     4 |     8 |       ||    12
         Javelin           |       |       |     2 |       ||     2
Ability: Hop               |       |       |     3 |     4 ||     7
  Evoke: Wand              |       |       |     2 |    11 ||    13
    Use: Scroll            |     3 |     5 |    10 |     5 ||    23
         Potion            |       |       |     2 |     3 ||     5
   Stab: Paralysed         |       |       |    11 |     6 ||    17
         Distracted        |       |       |     2 |    16 ||    18
 Armour: Scale mail        |    32 |   214 |   424 |       ||   670
         Ring mail         |       |       |    12 |   173 ||   185
  Dodge: Dodged            |    35 |   161 |   362 |   146 ||   704
  Block: Buckler           |    20 |    72 |   261 |   110 ||   463

Table legend: (Time is in decaauts)
 A = Elapsed time spent in this place.
 B = Non-inter-level travel time spent in this place.
 C = Inter-level travel time spent in this place.
 D = Time resting spent in this place.
 E = Time spent auto-exploring this place.
 F = Levels seen in this place.
 G = Mean time per level.
                   A        B        C        D        E       F      G
               +--------+--------+--------+--------+--------+-----+--------+
         Total |  17894 |  17010 |    884 |   5974 |   8258 |  13 | 1376.5 |
       Dungeon |  14123 |  13351 |    772 |   3780 |   7261 |  10 | 1412.3 |
        Temple |     73 |      2 |     71 |      0 |      0 |   1 |   73.0 |
          Lair |   3698 |   3658 |     40 |   2194 |    996 |   2 | 1849.0 |
               +--------+--------+--------+--------+--------+-----+--------+

Top non-repeatable levels by time:
  Lair:1: 3179 daAuts
     D:8: 2339 daAuts
     D:4: 2193 daAuts
     D:6: 1689 daAuts
    D:10: 1415 daAuts
     D:1: 1205 daAuts
     D:9: 1190 daAuts
     D:3: 1157 daAuts
     D:2: 1130 daAuts
     D:5: 976 daAuts
     D:7: 824 daAuts
  Lair:2: 519 daAuts
  Temple: 73 daAuts
